 Dungeon Crawl Stone Soup version 0.19.0 (webtiles) character file.

529361 Danakh the Executioner (level 24, -6/212 HPs)
             Began as a Demonspawn Fighter on Nov 13, 2016.
             Was the Champion of Okawaru.
             Engulfed by an ushabti's foul pestilence (14 damage)
             ... on level 8 of a ziggurat on Nov 14, 2016.
             The game lasted 03:30:50 (48950 turns).

Danakh the Executioner (Demonspawn Fighter)        Turns: 48950, Time: 03:30:51

Health: -6/212     AC: 46    Str: 31 (35) XL:     24   Next: 37%
Magic:  26/36      EV:  6    Int:  3 (4)  God:    Okawaru [******]
Gold:   2659       SH: 25    Dex: 29      Spells: 0 memorised, 23 levels left

rFire  + + .     SeeInvis +     d - +14 obsidian axe {chop, +Fly SInv *Curse}
rCold  + . .     Gourm    .     x - +6 crystal plate armour
rNeg   + . .     Faith    .     Q - +0 large shield
rPois  +         Spirit   .     (helmet unavailable)
rElec  +         Reflect  .     b - +0 cloak of the Flute {rN+ Dex+6}
rCorr  +         Harm     .     E - +2 pair of gloves of Nihilism {Str+2 Dex+5}
MR     ++++.     Clarity  +     (boots unavailable)
Stlth  ..........               c - necklace of Bloodlust {*Rage +Rage MR+ Int-3 Slay+3 *Curse}
                                N - +6 ring of protection
                                Z - ring of Hisheab {rCorr MR+ Str+7 SInv Stlth-}

@: finesse, mesmerised, slowed, very slow
A: hooves 3, horns 3, thin metallic scales 3, see invisible, clarity, cold
resistance 2, demonic guardian 3, deterioration 2, dopey 1, fire resistance 3,
high mp 2, ignite blood, magic resistance 1, poison resistance, regeneration 1,
robust 1, electricity resistance, strong 1, evolution 2, augmentation 2, no
device heal 2, flame cloud immunity, subdued magic 1, no stealth, no charms
magic, no ice magic, no necromancy magic, unskilled 1, temperature sensitive
a: Heroism, Finesse, Renounce Religion, Evoke Berserk Rage, Evoke Flight
}: 3/15 runes: decaying, serpentine, silver


You were on level 8 of a ziggurat.
You worshipped Okawaru.
Okawaru was exalted by your worship.
You were not hungry.

You visited 9 branches of the dungeon, and saw 44 of its levels.
You visited the Abyss 1 time.
You visited 1 ziggurat, and saw 8 of its levels.
You also visited: Labyrinth, Trove and Wizlab.

You collected 6387 gold pieces.
You spent 3728 gold pieces at shops.

Inventory:

Hand Weapons
 a - the +3 broad axe of the Dungeon {drain, rElec rF- rN+ Str+4}
   (Okawaru gifted it to you on level 12 of the Dungeon)

   A truly terrible weapon, it drains the life of those it strikes.
   It affects your strength (+4).
   It makes you vulnerable to fire.
   It insulates you from electricity.
   It protects you from negative energy.
 d - the +14 obsidian axe (weapon) {chop, +Fly SInv *Curse}
   (Okawaru gifted it to you on level 2 of the Depths)

   It inflicts extra damage upon your enemies.
   It lets you see invisible.
   It lets you fly.
   It may re-curse itself when equipped.
 w - a +3 broad axe of flaming
Armour
 b - the +0 cloak of the Flute (worn) {rN+ Dex+6}
   (You found it on level 3 of the Vaults)

   It affects your dexterity (+6).
   It protects you from negative energy.
 x - a +6 crystal plate armour (worn)
 D - the +4 shield of Polytheism {rCorr}
   (You acquired it on level 3 of the Vaults)

   It protects you from acid and corrosion.
 E - the +2 pair of gloves of Nihilism (worn) {Str+2 Dex+5}
   (You found it on level 1 of the Snake Pit)

   It affects your strength (+2).
   It affects your dexterity (+5).
 H - the +2 cloak of New Discoveries {rPois Stlth+}
   (You found it in a wizard's laboratory)

   It protects you from poison.
   It makes you more stealthy.
 Q - a +0 large shield (worn)
Jewellery
 c - the necklace of Bloodlust (around neck) {*Rage +Rage MR+ Int-3 Slay+3 *Curse}
   (You found it on level 15 of the Dungeon)

   [amulet of rage]

   It affects your intelligence (-3).
   It affects your accuracy and damage with ranged weapons and melee attacks
   (+3).
   It affects your resistance to hostile enchantments.
   It lets you go berserk.
   It may make you go berserk in combat.
   It may re-curse itself when equipped.
 K - a +4 ring of intelligence
 L - the ring "Meking" {rPois rF+ EV-3 Str+3 Dex+2}
   (You bought it in a shop on level 3 of the Snake Pit)

   [ring of evasion]

   It affects your evasion (-3).
   It affects your strength (+3).
   It affects your dexterity (+2).
   It protects you from fire.
   It protects you from poison.
 M - the ring "Ruavijee" {rC+ EV+5 Int+4 Slay-5 SInv}
   (You took it off a minotaur in a labyrinth)

   [ring of evasion]

   It affects your evasion (+5).
   It affects your intelligence (+4).
   It affects your accuracy and damage with ranged weapons and melee attacks
   (-5).
   It protects you from cold.
   It lets you see invisible.
 N - a +6 ring of protection (right hand)
 Z - the ring of Hisheab (left hand) {rCorr MR+ Str+7 SInv Stlth-}
   (You took it off a deep elf blademaster on level 3 of the Elven Halls)

   [ring of resist corrosion]

   It affects your strength (+7).
   It affects your resistance to hostile enchantments.
   It lets you see invisible.
   It makes you less stealthy.
Wands
 k - a wand of disintegration (13/24)
 o - a wand of digging (8/24)
 s - a wand of acid (5/15)
 t - a wand of heal wounds (4/9)
 F - a wand of iceblast (7/15)
 I - a wand of lightning (9/15)
Scrolls
 e - 26 scrolls of teleportation
 j - 7 scrolls of immolation
 m - a scroll of silence
 r - 9 scrolls of magic mapping
 v - 17 scrolls of fear
 y - 21 scrolls of identify
 C - 4 scrolls of summoning
 S - 25 scrolls of remove curse
 T - 10 scrolls of fog
 V - 6 scrolls of blinking
 Y - 4 scrolls of recharging
Potions
 i - a potion of haste
 l - 2 potions of cancellation
 n - 5 potions of berserk rage
 p - 2 potions of heal wounds
 u - 2 potions of ambrosia
 z - 16 potions of curing
 A - 6 potions of might
 B - a potion of beneficial mutation
 J - a potion of flight
 P - 3 potions of resistance
 R - 8 potions of lignification
 U - 8 potions of cure mutation
Books
 q - a book of Air

   Spells                             Type                      Level
   a - Shock                          Conjuration/Air              1
   b - Swiftness                      Charms/Air                   2
   c - Repel Missiles                 Charms/Air                   2
   d - Static Discharge               Conjuration/Air              3
   e - Lightning Bolt                 Conjuration/Air              5
Miscellaneous
 G - a fan of gales
 X - a phial of floods
Comestibles
 f - 28 bread rations
 g - 17 meat rations
 h - 70 fruits


   Skills:
 * Level 16.5 Fighting
 + Level 21.5 Axes
 + Level 16.9 Armour
 + Level 18.3 Shields
 - Level 10.1 Invocations
 - Level 10.0 Evocations


You had 23 spell levels left.
You didn't know any spells.

Dungeon Overview and Level Annotations

Branches:
Dungeon (15/15)            Temple (1/1) D:5            Lair (6/6) D:9
  Swamp (4/4) Lair:2        Snake (4/4) Lair:3        Slime (0/5) Lair:5
    Orc (2/2) D:10            Elf (3/3) Orc:2        Vaults (5/5) D:13
  Crypt (0/3) Vaults:2     Depths (4/5) D:15

Altars:
Ashenzari
Cheibriados
Dithmenos
Elyvilon
Fedhas
Gozag
Hepliaklqana
Kikubaaqudgha
Makhleb
Nemelex Xobeh
Okawaru
Qazlal
Ru
Sif Muna
Trog
Uskayaw
Vehumet
Xom
Yredelemnul
Zin
The Shining One
Beogh

Shops:
D:11 ?:(::   Orc:2 [(*:   Elf:1 ![}(   Elf:2 *   Snake:2 !   Snake:3 =}=
Vaults:5 **   Depths:1 %

Portals:
Hell: Lair:6 Depths:1 Depths:2 Depths:3
Pandemonium: Depths:1 Depths:3

Annotations:
D:9 exclusion: ice statue
Lair:2 exclusion: ice statue
Lair:3 exclusion: oklob plant


Innate Abilities, Weirdness & Mutations

You have a pair of large horns on your head.
You are completely covered in thin metallic scales. (AC +4, rElec)
A powerful demonic guardian rushes to your aid.
You are dopey. (Int -2)
Your flesh is almost immune to the effects of heat. (rF+++)
Your demonic aura causes spilled blood to erupt in flames.
Your magical and physical power is enhanced at high health.
You are immune to clouds of flame.
You cannot be stealthy.
You cannot study or cast Charms magic.
You cannot study or cast Ice magic.
You cannot study or cast Necromancy magic.
You are somewhat unskilled. (-1 Apt)
You are sensitive to extremes of temperature. (rF-, rC-)
You have hooves in place of feet.
You have supernaturally acute eyesight. (SInv)
You possess an exceptional clarity of mind.
Your flesh is very cold resistant. (rC++)
Your body often deteriorates upon taking damage.
You have a considerably increased reservoir of magic. (+20% MP)
You are resistant to hostile enchantments. (MR+)
Your system is resistant to poisons. (rPois)
Your natural rate of healing is unusually fast.
You are robust. (+10% HP)
You are resistant to electric shocks. (rElec)
Your muscles are strong. (Str +2)
You rapidly evolve.
Potions and wands are poor at restoring your health.
Your spells are a little easier to cast, but a little less powerful.


Message History

You block the shadow dragon zombie's attack.
The shadow dragon zombie barely misses you.
The ushabti shakes and rattles.
The vile air hits the wight.
The vile air hits you!
The vile air hits the death scarab.
The red devil hits you but does no damage.
The mummy completely misses your rust devil.
The death scarab barely misses you.
Send 'em back where they came from!
Your rust devil shudders.
Your ynoxinul shudders.
Your orange demon shudders.
Your rust devil corrodes the greater mummy!
Your ynoxinul barely misses the mummy.
The greater mummy hits you.
* * * LOW HITPOINT WARNING * * *
The shadow dragon zombie bites you but does no damage.
The shadow dragon zombie claws you but does no damage. x2
The wight hits your rust devil with an enchanted flail.
Your system partially rejects the healing.
You feel much better.
Visions of slaying the death scarab flood into your mind.
You are engulfed in dark miasma.
You die...

▓▓ ▓▓▓▓▓▓.▓▓▓▓▓▓
▓▓...........▓▓
▓▓▓......s......▓▓▓
▓▓........§§.......▓▓
▓....4MZs...........▓
▓.[..sz@#...#.......▓
▓:∩}.8M43...........▓▓
.)>!.8.M84........∩..▓
▓[∩[..s.............▓▓
▓.......#...#.......▓
▓...................▓
▓▓.................▓▓
▓▓▓.............▓▓▓
▓▓...........▓▓


You could see 2 greater mummies, 3 ushabtiu, 4 death scarabs, a red devil, a
mummy, a wight, a shadow dragon zombie, a friendly orange demon, a friendly rust
devil and a friendly ynoxinul.

Vanquished Creatures
  2 pandemonium lords
  5 golden dragons
  A profane servitor (Zig:4)
  The ghost of abeheron the Tortoise, an adept MiBe of Trog (Vaults:2)
  5 tentacled monstrosities
  2 liches
  5 titans (Vaults:5)
  3 deep elf master archers (Elf:3)
  A titan (shapeshifter) (Depths:2)
  An acid blob (shapeshifter) (Vaults:5)
  2 deep elf blademasters
  2 quicksilver dragons
  4 sphinxes
  2 eldritch tentacles
  Agnes (D:14)
  A tentacled starspawn (WizLab)
  A shadow dragon (shapeshifter) (Zig:6)
  A thorn hunter (Swamp:2)
  3 tengu reavers
  An ancient champion (Zig:4)
  8 nagarajas
  4 shadow dragons
  An azure jelly (shapeshifter) (Depths:2)
  2 draconian monks (Zig:7)
  2 storm dragons (Vaults:5)
  Donald (Vaults:1)
  5 frost giants
  2 ghost moths (Zig:5)
  10 deep elf sorcerers
  13 vault wardens
  5 fire giants
  A draconian scorcher (Zig:7)
  A frost giant (shapeshifter) (Zig:6)
  An orc warlord (Vaults:4)
  A ghoul (Vaults:5)
  6 deep elf elementalists
  9 ironheart preservers
  A draconian shifter (Zig:7)
  A draconian caller (Zig:7)
  15 stone giants
  An entropy weaver (Vaults:5)
  8 war gargoyles
  22 very ugly things
  9 deep elf demonologists
  Nessos (D:13)
  Azrael (D:12)
  A vampire knight (Vaults:2)
  7 deep elf annihilators
  2 yellow draconians (Zig:7)
  A blizzard demon (Depths:2)
  5 spark wasps
  A green death (Swamp:4)
  10 crystal guardians (Depths:2)
  9 deep elf death magi
  6 ettins
  3 great orbs of eyes
  2 eidola (Vaults:2)
  4 deep elf high priests
  A minotaur (Lab)
  10 yaktaur captains
  Erolcha (D:9)
  5 ice dragons
  2 hell beasts
  A spriggan air mage (Depths:3)
  12 naga warriors
  28 vault guards
  3 rakshasas
  A catoblepas (shapeshifter) (Depths:2)
  2 ghost crabs
  8 centaur warriors
  A catoblepas (Lair:5)
  12 hydras
  An anaconda (shapeshifter) (Depths:2)
  4 alligators
  A deep troll shaman (Depths:3)
  40 dancing weapons
  10 ogre magi
  A tengu warrior (D:13)
  3 deep troll earth magi
  3 death knights
  3 death yaks (Lair:1)
  11 anacondas
  2 queen ants (shapeshifter)
  A titan zombie (Vaults:4)
  2 vampire magi
  12 naga sharpshooters
  2 sun demons
  A hell hog (shapeshifter) (Depths:2)
  7 orc high priests
  4 spriggans
  4 shock serpents
  A hell knight (Depths:3)
  2 salamander mystics
  An iron troll (Depths:3)
  20 deep elf knights
  A sixfirhy (Depths:2)
  A golden dragon zombie (Depths:3)
  An iron golem (Depths:2)
  A fire crab (shapeshifter) (Vaults:5)
  A spriggan druid (Swamp:2)
  2 storm dragon skeletons (Vaults:5)
  8 skeletal warriors
  A titan skeleton (D:15)
  A glowing orange brain (shapeshifter) (Depths:2)
  6 glowing orange brains
  A hill giant (shapeshifter) (Depths:2)
  2 unseen horrors (D:12)
  2 shadow wraiths
  A sea snake (Snake:4)
  A lindwurm (shapeshifter) (Vaults:4)
  20 ironbrand convokers
  A flayed ghost (Vaults:2)
  8 naga ritualists
  6 swamp dragons
  16 deep trolls
  A tengu zombie (Vaults:4)
  4 obsidian statues
  14 wizards
  7 harpies
  3 lindwurms
  A wolf spider zombie (D:15)
  23 deep elf archers
  A golden dragon skeleton (Vaults:5)
  An orb spider (Zig:5)
  4 hill giants
  A shambling mangrove (Swamp:1)
  A phantasmal warrior (Zig:4)
  A fire giant zombie (D:15)
  2 shadow dragon zombies
  22 orc knights
  A cyclops (shapeshifter) (Depths:2)
  6 necromancers
  37 ugly things
  5 cyclopes
  8 mana vipers
  A shadow dragon skeleton (Vaults:5)
  2 stone giant zombies
  6 wolf spiders
  2 orc sorcerers
  A faun (shapeshifter) (Vaults:5)
  73 deep elf magi
  12 salamanders
  A shining eye (shapeshifter) (Depths:2)
  2 manticores
  A guardian serpent (shapeshifter) (Depths:1)
  12 vault sentinels
  34 black mambas
  17 elephants
  9 guardian serpents
  18 naga magi
  An ice statue (Zig:5)
  A frost giant skeleton (D:15)
  A stone giant skeleton (Vaults:5)
  8 orange demons
  A spiny frog (shapeshifter) (Vaults:2)
  5 gargoyles
  2 fire giant skeletons
  A smoke demon (Lair:6)
  Psyche (D:9)
  The ghost of Danakh the Chopper, a novice DsFi of Gozag (D:5)
  A torpor snail (Zig:5)
  40 yaktaurs
  An apocalypse crab (Zig:6)
  15 spiny frogs
  3 human zombies (Vaults:4)
  A demonspawn skeleton (WizLab)
  3 ice devils
  10 freezing wraiths
  7 komodo dragons
  2 ancient zymes (WizLab)
  2 tengu conjurers (Vaults:1)
  5 rime drakes
  A red devil (Lair:6)
  3 guardian mummies
  A hellwing (Depths:3)
  A yaktaur (shapeshifter) (Depths:2)
  A wind drake (shapeshifter) (Vaults:2)
  4 tyrant leeches
  A queen bee (shapeshifter) (Depths:2)
  7 trolls
  3 jumping spiders
  15 bog bodies
  A tyrant leech (shapeshifter) (Depths:2)
  4 polar bears
  A hornet (shapeshifter) (Depths:2)
  12 hornets
  17 two-headed ogres
  18 blink frogs
  A wind drake (WizLab)
  8 hippogriffs
  A tengu simulacrum (Depths:3)
  15 slime creatures
  A harpy skeleton (D:15)
  2 slime creatures (shapeshifter)
  12 air elementals
  2 ushabtiu (Zig:3)
  4 redbacks
  A redback (shapeshifter) (Vaults:5)
  8 shadows
  2 tarantellas
  2 flying skulls
  5 wraiths
  A vampire (D:15)
  2 wyverns
  4 large abominations
  An ettin skeleton (Vaults:5)
  A spriggan skeleton (Zig:8)
  7 water elementals
  27 yaks
  3 basilisks
  9 fire elementals
  2 hungry ghosts
  A yaktaur simulacrum (Vaults:3)
  A chaos spawn (Depths:3)
  2 human simulacra (Vaults:5)
  A spatial vortex (WizLab)
  3 mottled dragons
  A steam dragon (Lair:2)
  29 vampire mosquitoes
  Edmund (D:5)
  5 wargs
  2 soldier ants (shapeshifter)
  18 swamp worms
  12 insubstantial wisps
  66 nagas
  4 hell hounds
  15 water moccasins
  2 floating eyes (D:15)
  Duvessa (D:5)
  3 human skeletons
  8 porcupines
  6 sky beasts
  11 swamp drakes
  13 ice beasts
  A black bear (D:13)
  36 orc warriors
  3 necrophages
  An ettin simulacrum (Vaults:5)
  49 ogres
  4 phantoms
  A boggart (Elf:1)
  8 centaurs
  2 eyes of draining
  5 wolves
  20 crocodiles
  4 big kobolds
  16 bullfrogs
  4 small abominations
  11 earth elementals
  2 gnoll sergeants
  Dowan (D:5)
  A wyvern skeleton (D:12)
  A deep troll simulacrum (Vaults:5)
  4 scorpions
  10 killer bees
  3 howler monkeys
  11 wights
  4 electric eels (Lair:3)
  3 crimson imps
  2 bullfrog zombies
  8 centaur zombies
  9 hounds
  4 jellies
  2 bullfrog skeletons
  16 orc priests
  21 orc wizards
  5 centaur skeletons
  7 iguanas
  5 worker ants
  5 mummies (Zig:3)
  2 worker ant zombies
  13 gnolls
  11 adders
  8 shadow imps
  4 white imps
  6 ufetubi
  7 oozes
  2 adder skeletons
  3 worms
  5 dart slugs (D:3)
  A leopard gecko (D:4)
  71 orcs
  8 bats
  2 giant cockroaches
  7 goblins
  2 hobgoblins (D:3)
  20 jackals
  19 kobolds
  8 quokkas
  11 ball pythons
  A frilled lizard (D:1)
  2 hobgoblin zombies (D:8)
  3 kobold skeletons (D:8)
  A kobold zombie (D:8)
  A leopard gecko skeleton (D:8)
  2 orc skeletons (D:8)
  4 orc zombies (D:8)
  A quokka skeleton (D:6)
  6 rats
  2 bushes (D:15)
  2 butterflies (Lair:6)
  3 crawling corpses (Elf:3)
  7 fungi
  A plant (Lair:3)
  A starspawn tentacle (WizLab)
1928 creatures vanquished.

Vanquished Creatures (collateral kills)
  A Killer Klown (Zig:6)
  2 golden dragons (Vaults:5)
  Nikola (Swamp:2)
  2 tentacled monstrosities
  A deep elf blademaster (Elf:3)
  A thorn hunter (Swamp:4)
  A shadow dragon (Vaults:5)
  3 nagarajas
  2 tengu reavers
  A fire giant (Depths:3)
  A frost giant (Vaults:5)
  3 ironheart preservers
  A very ugly thing (Vaults:5)
  A stone giant (Vaults:4)
  A vampire knight (Depths:3)
  2 deep elf annihilators (Elf:3)
  An ettin (Depths:3)
  A deep elf high priest (Vaults:5)
  A rakshasa (Vaults:1)
  A spriggan air mage (Depths:2)
  3 hydras
  A vault guard (Vaults:5)
  A ghost crab (shapeshifter) (Vaults:1)
  An anaconda (Snake:4)
  An ogre mage (Vaults:1)
  2 death knights
  A dancing weapon (Depths:2)
  A vampire mage (Vaults:2)
  A deep troll earth mage (Vaults:3)
  A naga sharpshooter (Snake:4)
  2 orc high priests (Vaults:4)
  A deep elf knight (Vaults:4)
  7 spriggans
  A skeletal warrior (D:15)
  A wizard (D:15)
  A glowing orange brain (Depths:3)
  A spriggan druid (Swamp:4)
  A hill giant (D:15)
  3 deep elf archers
  An orc knight (Vaults:2)
  A swamp dragon (Swamp:4)
  A deep troll (Vaults:3)
  A naga ritualist (Snake:4)
  5 deep elf magi
  A necromancer (Vaults:5)
  A golden dragon skeleton (Zig:8)
  A cyclops (D:12)
  A frost giant zombie (Vaults:4)
  6 ugly things
  An elephant (Lair:6)
  A sphinx skeleton (Vaults:4)
  2 naga magi (Snake:4)
  4 black mambas
  A spiny frog (Swamp:2)
  An orange demon (Lair:6)
  4 yaktaurs
  A freezing wraith (Vaults:4)
  A tengu conjurer (D:13)
  2 guardian mummies
  7 hornets
  2 two-headed ogres
  2 slime creatures
  A hippogriff (Lair:5)
  A large abomination (Swamp:4)
  2 bog bodies
  A wraith (Vaults:2)
  4 yaks
  2 fire elementals (D:12)
  A hungry ghost (D:9)
  2 vampire mosquitoes
  Menkaure (D:5)
  An insubstantial wisp (Swamp:4)
  The ghost of darkdramon the Bolt Thrower, an amateur KoHu (D:3)
  7 nagas
  A soldier ant (D:15)
  An orc warrior (Vaults:4)
  An elf zombie (Vaults:4)
  A sky beast (D:7)
  A necrophage (D:6)
  2 ogres
  3 wolves (Lair:6)
  3 centaurs (D:15)
  2 bullfrogs
  2 wights (D:6)
  A howler monkey (D:8)
  A hound (D:9)
  2 centaur skeletons
  4 dart slugs (D:3)
  2 orcs
158 creatures vanquished.

Vanquished Creatures (others)
  A stone giant (Depths:1)
  A deep elf demonologist (Vaults:5)
  A naga sharpshooter (Snake:4)
  A troll (D:10)
  A wind drake (Depths:2)
  2 air elementals (Depths:2)
  A yak (D:9)
  An ogre (Vaults:2)
  A bullfrog (D:10)
  A scorpion (D:11)
  A howler monkey (D:8)
  An adder (Snake:4)
  An ufetubus (D:9)
  10 ball lightnings (Depths:2)
  An orc (D:10)
  22 fungi
  6 plants
  3 starspawn tentacles (WizLab)
  3 withered plants (D:15)
59 creatures vanquished.

Grand Total: 2145 creatures vanquished

Notes
Turn   | Place    | Note
-------+----------+-------------------------------------------
     0 | D:1      | Danakh the Demonspawn Fighter began the quest for the Orb.
     0 | D:1      | Reached XP level 1. HP: 18/18 MP: 1/1
   135 | D:1      | Reached skill level 2 in Axes
   214 | D:1      | Gained mutation: A weak demonic guardian rushes to your aid. [demonic ancestry]
   214 | D:1      | Reached XP level 2. HP: 23/24 MP: 2/2
   490 | D:2      | Found a deep blue altar of Sif Muna.
   615 | D:2      | Gained mutation: You have a pair of small horns on your head. [demonic ancestry]
   615 | D:2      | Reached XP level 3. HP: 29/29 MP: 3/3
   731 | D:2      | Found a sacrificial altar of Ru.
   741 | D:2      | Became a worshipper of Ru the Awakened
   846 | D:2      | Gained mutation: Your flesh is heat resistant. (rF+) [demonic ancestry]
   846 | D:2      | Reached XP level 4. HP: 18/35 MP: 4/4
  1001 | D:3      | Noticed darkdramon's ghost (amateur KoHu)
  1007 | D:3      | Killed darkdramon's ghost
  1007 | D:3      | Reached skill level 3 in Axes
  1007 | D:3      | Gained mutation: You have a pair of horns on your head. [demonic ancestry]
  1007 | D:3      | Reached XP level 5. HP: 17/41 MP: 5/5
  1681 | D:3      | Found a shimmering altar of Xom.
  1940 | D:4      | Found a basalt altar of Yredelemnul.
  1975 | D:4      | Found a bloodstained altar of Trog.
  2036 | D:4      | Gained mutation: You are somewhat unskilled. (-1 Apt) [Ru sacrifice]
  2036 | D:4      | Reached * piety under Ru
  2036 | D:4      | Reached ** piety under Ru
  2100 | D:4      | Noticed an ogre
  2105 | D:4      | Killed an ogre
  2105 | D:4      | Reached XP level 6. HP: 35/47 MP: 6/6
  2392 | D:4      | Found a faded altar of an unknown god.
  2392 | D:4      | Found an ancient bone altar of Kikubaaqudgha.
  2398 | D:4      | Found a faded altar of an unknown god.
  2400 | D:4      | Found a faded altar of an unknown god.
  2401 | D:4      | Found a faded altar of an unknown god.
  2485 | D:5      | Entered Level 5 of the Dungeon
  2526 | D:5      | Reached skill level 4 in Axes
  2591 | D:5      | Found a sparkling altar of Nemelex Xobeh.
  2610 | D:5      | Noticed Edmund
  2639 | D:5      | Killed Edmund
  2639 | D:5      | Reached XP level 7. HP: 23/54 MP: 7/7
  2826 | D:5      | Noticed Duvessa
  2828 | D:5      | Noticed Dowan
  2838 | D:5      | Killed Duvessa
  2845 | D:5      | Killed Dowan
  2917 | D:5      | Noticed Danakh's ghost (novice DsFi)
  2919 | D:5      | Noticed Menkaure
  2928 | D:5      | Killed Menkaure
  2930 | D:5      | Killed Danakh's ghost
  2930 | D:5      | Reached skill level 5 in Axes
  2930 | D:5      | Gained mutation: You are partially covered in thin metallic scales. (AC +2) [demonic ancestry]
  2930 | D:5      | Reached XP level 8. HP: 26/61 MP: 8/8
  3348 | D:5      | Found a staircase to the Ecumenical Temple.
  3680 | D:6      | Found an opulent altar of Gozag.
  3733 | D:6      | Reached skill level 5 in Fighting
  4155 | D:6      | Reached skill level 6 in Axes
  4159 | D:6      | Gained mutation: You cannot be stealthy. [Ru sacrifice]
  4204 | D:6      | Reached skill level 5 in Shields
  4296 | D:6      | Gained mutation: You have a pair of large horns on your head. [demonic ancestry]
  4296 | D:6      | Reached XP level 9. HP: 65/68 MP: 9/9
  4465 | D:6      | Reached skill level 5 in Armour
  4505 | D:6      | Found a burning altar of Makhleb.
  4505 | D:6      | Noticed a blizzard demon
  4508 | D:6      | Noticed a smoke demon
  4803 | D:7      | Found a shadowy altar of Dithmenos.
  4974 | D:7      | Reached skill level 7 in Axes
  5399 | D:7      | Gained mutation: You cannot study or cast Ice magic. [Ru sacrifice]
  5399 | D:7      | Gained mutation: You cannot study or cast Necromancy magic. [Ru sacrifice]
  5399 | D:7      | Gained mutation: You cannot study or cast Charms magic. [Ru sacrifice]
  5399 | D:7      | Reached *** piety under Ru
  5570 | D:8      | Found a glowing golden altar of the Shining One.
  5699 | D:8      | Gained mutation: You are clumsy. (Dex -2) [mutagenic meat]
  5700 | D:8      | Gained mutation: You have an increased reservoir of magic. (+10% MP) [mutagenic meat]
  5701 | D:8      | Gained mutation: Your flesh is very heat resistant. (rF++) [mutagenic meat]
  5702 | D:8      | Lost mutation: You are clumsy. (Dex -2) [mutagenic meat]
  5703 | D:8      | Gained mutation: Potions and wands are less effective at restoring your health. [mutagenic meat]
  6677 | D:9      | Found a staircase to the Lair.
  6682 | D:9      | Noticed Psyche
  6688 | D:9      | Reached XP level 10. HP: 60/77 MP: 11/11
  6694 | D:9      | Reached skill level 8 in Axes
  7033 | D:9      | Killed Psyche
  7253 | D:9      | Got a sparkling lead ring
  7266 | D:9      | Identified the ring of Satyriasis {Fire Int+2} (You found it on level 9 of the Dungeon)
  7281 | D:9      | Gained mutation: You are dopey. (Int -2) [Ru sacrifice]
  7281 | D:9      | Reached **** piety under Ru
  7574 | D:9      | Gained mutation: You are agile. (Dex +2) [mutagenic meat]
  7575 | D:9      | Gained mutation: You have a considerably increased reservoir of magic. (+20% MP) [mutagenic meat]
  7576 | D:9      | Gained mutation: You are resistant to electric shocks. (rElec) [mutagenic meat]
  7577 | D:9      | Gained mutation: You occasionally shout uncontrollably at your foes. [mutagenic meat]
  7578 | D:9      | Gained mutation: You have large cloven feet. [mutagenic meat]
  7579 | D:9      | Lost mutation: You are agile. (Dex +2) [mutagenic meat]
  7624 | D:9      | Noticed an ice statue
  8041 | D:9      | Noticed Erolcha
  8052 | D:9      | Killed Erolcha
  8052 | D:9      | Reached skill level 9 in Axes
  8375 | D:9      | HP: 1/79 [ice devil (24)]
  8602 | D:10     | Entered Level 10 of the Dungeon
  8675 | D:10     | Found a staircase to the Orcish Mines.
  8799 | D:10     | Gained mutation: You evolve. [mutagenic meat]
  8800 | D:10     | Gained mutation: Your muscles are strong. (Str +2) [mutagenic meat]
  8801 | D:10     | Gained mutation: Your flesh is almost immune to the effects of heat. (rF+++) [mutagenic meat]
  8802 | D:10     | Gained mutation: You are resistant to hostile enchantments. (MR+) [mutagenic meat]
  8803 | D:10     | Gained mutation: Your body sometimes deteriorates upon taking damage. [mutagenic meat]
  8804 | D:10     | Gained mutation: Your body often deteriorates upon taking damage. [mutagenic meat]
  9268 | D:10     | Gained mutation: You are mostly covered in thin metallic scales. (AC +3) [demonic ancestry]
  9268 | D:10     | Reached XP level 11. HP: 84/84 MP: 13/13
  9558 | D:11     | Gained mutation: You are sensitive to extremes of temperature. (rF-, rC-) [Ru sacrifice]
  9558 | D:11     | Reached ***** piety under Ru
  9558 | D:11     | Reached ****** piety under Ru
  9743 | D:11     | Found Poguse's Book Boutique.
  9792 | D:11     | Found Rinweylle's Book Boutique.
  9792 | D:11     | Found Gogegg's Antique Weapon Boutique.
  9871 | D:11     | Found Paepp's Magic Scroll Shoppe.
 10163 | D:11     | Got a clouded diamond amulet
 10169 | D:11     | Found Xysidd's Book Boutique.
 10247 | D:11     | Identified the amulet of Ru's Whim {+Rage rPois} (You found it on level 11 of the Dungeon)
 10404 | D:6      | Gained mutation: Your natural rate of healing is unusually fast. [evolution]
 10438 | Temple   | Entered the Ecumenical Temple
 10510 | Temple   | Fell from the grace of Ru
 10510 | Temple   | Became a worshipper of Warmaster Okawaru
 10630 | Lair:1   | Entered Level 1 of the Lair of Beasts
 10698 | Lair:1   | Reached * piety under Okawaru
 10698 | Lair:1   | Reached skill level 10 in Axes
 11147 | Lair:1   | Reached ** piety under Okawaru
 11492 | Lair:1   | Noticed an eight-headed hydra
 11497 | Lair:1   | Killed an eight-headed hydra
 11530 | Lair:1   | Reached *** piety under Okawaru
 11846 | Lair:2   | Found a staircase to the Swamp.
 11894 | Lair:2   | Gained mutation: You are immune to clouds of flame. [demonic ancestry]
 11894 | Lair:2   | Reached XP level 12. HP: 75/94 MP: 14/14
 11902 | Lair:2   | Noticed an ice dragon
 11968 | Lair:2   | Noticed a death yak
 11968 | Lair:2   | Noticed a death yak
 11968 | Lair:2   | Noticed a death yak
 11982 | Lair:1   | Killed a death yak
 11982 | Lair:1   | Reached **** piety under Okawaru
 12068 | Lair:1   | Killed a death yak
 12073 | Lair:1   | Killed a death yak
 12073 | Lair:1   | Reached skill level 11 in Axes
 12438 | Lair:2   | Gained mutation: You have hoof-like feet. [evolution]
 12989 | Lair:3   | Reached ***** piety under Okawaru
 13437 | Lair:3   | Found a staircase to the Snake Pit.
 13457 | Lair:3   | Found a frozen archway.
 14327 | Lair:4   | Reached XP level 13. HP: 101/101 MP: 15/15
 14818 | Lair:4   | Reached ****** piety under Okawaru
 14818 | Lair:4   | Reached skill level 12 in Axes
 15194 | Lair:5   | Found a staircase to the Slime Pits.
 15301 | Lair:5   | Received a gift from Okawaru
 15302 | Lair:5   | Got a pair of shimmering boots {god gift}
 15313 | Lair:5   | Identified the -6 pair of boots "Nadia" {rElec rC+ MR++ Stlth-} (Okawaru gifted it to you on level 5 of the Lair of Beasts)
 15344 | Lair:5   | Found a snail-covered altar of Cheibriados.
 15711 | Lair:6   | Entered Level 6 of the Lair of Beasts
 16382 | Lair:5   | Reached skill level 10 in Fighting
 16564 | Lair:6   | Gained mutation: Your flesh is cold resistant. (rC+) [potion of mutation]
 16564 | Lair:6   | Gained mutation: Your muscles are very strong. (Str +4) [potion of mutation]
 17470 | Lair:6   | Found a burning altar of Makhleb.
 17490 | Lair:6   | Received a gift from Okawaru
 17811 | Lair:6   | Found a gateway to Hell.
 17856 | Lair:6   | Got a brightly glowing buckler {god gift}
 17867 | Lair:6   | Identified the +1 buckler "Timozaewn" {rN+ Str+6} (Okawaru gifted it to you on level 6 of the Lair of Beasts)
 17941 | Lair:5   | Reached skill level 13 in Axes
 18086 | Lair:2   | Reached XP level 14. HP: 111/111 MP: 14/16
 18338 | Orc:1    | Entered Level 1 of the Orcish Mines
 18595 | Orc:2    | Entered Level 2 of the Orcish Mines
 18595 | Orc:2    | Found a staircase to the Elven Halls.
 18621 | Orc:2    | Reached skill level 1 in Invocations
 18685 | Orc:2    | Found Cucil's Antique Weapon Shoppe.
 18894 | Orc:2    | Found Vompogre's General Store.
 18916 | Orc:2    | Found a roughly hewn altar of Beogh.
 19169 | Orc:2    | Noticed an orc warlord
 19474 | Orc:2    | Reached skill level 10 in Armour
 19769 | Orc:2    | Found Gashrez's Antique Armour Shoppe.
 19849 | Orc:1    | Lost mutation: You occasionally shout uncontrollably at your foes. [evolution]
 20040 | Orc:2    | Found Asisaa's Book Shoppe.
 20174 | Orc:2    | Bought a pair of gloves for 94 gold pieces
 20276 | D:11     | Bought a manual of Shields for 1324 gold pieces
 20352 | D:12     | Reached skill level 10 in Shields
 20785 | D:12     | Received a gift from Okawaru
 20788 | D:12     | Got an ichor-stained broad axe {god gift}
 20789 | D:12     | Identified the +3 broad axe of the Dungeon {drain, rElec rF- rN+ Str+4} (Okawaru gifted it to you on level 12 of the Dungeon)
 20795 | D:12     | Noticed Azrael
 20828 | D:12     | Killed Azrael
 21592 | D:13     | Reached skill level 5 in Invocations
 21696 | D:13     | Received a gift from Okawaru
 21751 | D:13     | Found a gate to the Vaults.
 21765 | D:13     | Gained mutation: You are robust. (+10% HP) [evolution]
 21843 | D:13     | Noticed Nessos
 21859 | D:13     | Killed Nessos
 22230 | D:14     | Found a labyrinth entrance.
 22242 | Lab      | Entered a labyrinth
 22346 | Lab      | Identified Masiric's Incunabulum of the Noxious Birds
 22347 | Lab      | Got a slimy ivory ring
 22355 | Lab      | Identified the ring "Ruavijee" {rC+ EV+5 Int+4 Slay-5 SInv} (You took it off a minotaur in a labyrinth)
 22461 | D:14     | Noticed Agnes
 22466 | D:14     | Killed Agnes
 22466 | D:14     | Reached skill level 14 in Axes
 22599 | D:14     | Gained mutation: You have supernaturally acute eyesight. (SInv) [mutagenic meat]
 22600 | D:14     | Gained mutation: You possess an exceptional clarity of mind. [mutagenic meat]
 22653 | D:14     | Gained mutation: A demonic guardian rushes to your aid. [demonic ancestry]
 22653 | D:14     | Reached XP level 15. HP: 115/128 MP: 23/23
 22753 | D:14     | Found a blossoming altar of Fedhas.
 23052 | D:15     | Entered Level 15 of the Dungeon
 23094 | D:15     | Received a gift from Okawaru
 23409 | D:15     | Paralysed by a floating eye for 4 turns
 23421 | D:15     | Paralysed by a floating eye for 2 turns
 23432 | D:15     | Paralysed by a floating eye for 2 turns
 23454 | D:15     | Received a gift from Okawaru
 23464 | D:15     | Paralysed by a floating eye for 2 turns
 23739 | D:15     | Found an ancient bone altar of Kikubaaqudgha.
 23790 | D:15     | Found a staircase to the Depths.
 24490 | Swamp:1  | Entered Level 1 of the Swamp
 24496 | Swamp:1  | Identified a scroll of acquirement
 24640 | Swamp:1  | Gained mutation: You rapidly evolve. [potion of beneficial mutation]
 24870 | Swamp:1  | Found a hide-covered altar of Uskayaw.
 25286 | Swamp:2  | Gained mutation: Potions and wands are poor at restoring your health. [evolution]
 25651 | Swamp:2  | Reached skill level 15 in Axes
 25665 | Swamp:2  | Noticed a thorn hunter
 25680 | Swamp:2  | Killed a thorn hunter
 25702 | Swamp:2  | Received a gift from Okawaru
 25800 | Swamp:2  | Noticed Nikola
 25812 | Swamp:2  | Killed Nikola
 25812 | Swamp:2  | Reached XP level 16. HP: 135/136 MP: 27/27
 25855 | Swamp:2  | Noticed a tentacled monstrosity
 25869 | Swamp:2  | Killed a tentacled monstrosity
 26838 | Swamp:4  | Entered Level 4 of the Swamp
 27075 | Swamp:4  | Received a gift from Okawaru
 27455 | Swamp:4  | Noticed a thorn hunter
 27467 | Swamp:4  | Killed a thorn hunter
 27467 | Swamp:4  | Reached skill level 10 in Invocations
 27659 | Swamp:4  | Noticed a tentacled monstrosity
 27671 | Swamp:4  | Killed a tentacled monstrosity
 27671 | Swamp:4  | Received a gift from Okawaru
 27671 | Swamp:4  | Reached skill level 1 in Evocations
 28111 | Swamp:4  | Got an encrusted spear {god gift}
 28112 | Swamp:4  | Identified the +7 spear of Bodily Harmony {drain, rF+ Int+6} (Okawaru gifted it to you on level 4 of the Swamp)
 28416 | Swamp:4  | Got a decaying rune of Zot
 28654 | Snake:1  | Entered Level 1 of the Snake Pit
 28811 | Snake:1  | Got a pair of transparent gloves
 28822 | Snake:1  | Identified the +2 pair of gloves of Nihilism {Str+2 Dex+5} (You found it on level 1 of the Snake Pit)
 29104 | Snake:1  | Received a gift from Okawaru
 29678 | Snake:1  | Reached skill level 16 in Axes
 29934 | Snake:2  | Found Qebyomeys's Distillery.
 29944 | Snake:2  | Gained mutation: Your magical and physical power is slightly enhanced at high health. [demonic ancestry]
 29944 | Snake:2  | Reached XP level 17. HP: 139/141 MP: 29/29
 30234 | D:11     | Bought a scroll of acquirement for 884 gold pieces
 30235 | D:11     | Got a steaming chain mail
 30246 | D:11     | Identified the +0 chain mail of the Lotus Blossom {rCorr Int+3} (You acquired it on level 11 of the Dungeon)
 30617 | Snake:2  | Gained mutation: Your flesh is very cold resistant. (rC++) [evolution]
 31044 | Snake:2  | Received a gift from Okawaru
 31480 | Snake:3  | Received a gift from Okawaru
 31654 | Snake:3  | Found Ceenwoq's Gadget Emporium.
 31655 | Snake:3  | Found Alexip's Jewellery Boutique.
 31655 | Snake:3  | Found Ciraif's Jewellery Boutique.
 31687 | Snake:3  | Bought the cursed ring "Meking" {rPois rF+ EV-3 Str+3 Dex+2} for 327 gold pieces
 31913 | Snake:4  | Entered Level 4 of the Snake Pit
 32253 | Snake:4  | Found a runed gate.
 32253 | Snake:4  | Found a runed gate.
 32253 | Snake:4  | Found a runed gate.
 32454 | Snake:4  | Reached skill level 5 in Evocations
 32586 | Snake:4  | Received a gift from Okawaru
 32647 | Snake:4  | Reached skill level 17 in Axes
 32649 | Snake:4  | Reached XP level 18. HP: 110/149 MP: 30/30
 32928 | Snake:4  | Got a serpentine rune of Zot
 33585 | Snake:4  | Received a gift from Okawaru
 33861 | Elf:1    | Entered Level 1 of the Elven Halls
 34011 | Elf:1    | Reached skill level 15 in Shields
 34061 | Elf:1    | Found Kiopos's Gadget Shoppe.
 34064 | Elf:1    | Found Isikhloe's Antique Weapon Shoppe.
 34064 | Elf:1    | Found Ulism's Distillery.
 34067 | Elf:1    | Found Qelus's Armour Emporium.
 34768 | Elf:2    | Found Nompe's Assorted Antiques.
 35032 | Elf:2    | Found a huge runed gate.
 35032 | Elf:2    | Found a huge runed gate.
 35033 | Elf:2    | Found a huge runed gate.
 35034 | Elf:2    | Found a huge runed gate.
 35042 | Elf:2    | Found a huge runed gate.
 35082 | Elf:2    | Received a gift from Okawaru
 35184 | Elf:2    | Cast into level 3 of the Abyss (halberd of distortion)
 35184 | Abyss:3  | Found a corrupted altar of Lugonu.
 35208 | Elf:2    | Escaped the Abyss
 35679 | Elf:3    | Entered Level 3 of the Elven Halls
 35685 | Elf:3    | Received a gift from Okawaru
 35690 | Elf:3    | Reached XP level 19. HP: 156/156 MP: 31/31
 35803 | Elf:3    | Lost mutation: Your muscles are very strong. (Str +4) [evolution]
 35820 | Elf:3    | Found an ancient bone altar of Kikubaaqudgha.
 35883 | Elf:3    | Reached skill level 18 in Axes
 36715 | Elf:3    | Noticed a Tzitzimitl
 36746 | Elf:3    | Received a gift from Okawaru
 36838 | Elf:3    | Noticed a Tzitzimitl
 37146 | Elf:3    | Got a clouded lapis lazuli ring
 37267 | Elf:3    | Identified the ring of Hisheab {rCorr MR+ Str+7 SInv Stlth-} (You took it off a deep elf blademaster on level 3 of the Elven Halls)
 37341 | Elf:3    | Received a gift from Okawaru
 37409 | Elf:3    | Got a transparent granite ring
 37430 | Elf:3    | Got a twitching ivory ring
 37432 | Elf:3    | Identified the cursed ring "Dahe Marept" {Int+5 Slay-3} (You found it on level 3 of the Elven Halls)
 37459 | Elf:3    | Identified the ring "Sastoy" {rCorr Dex+4} (You took it off a deep elf mage on level 3 of the Elven Halls)
 37534 | Elf:3    | Identified the Grimoire of Spatial Unholy Rites
 37878 | Depths:1 | Entered Level 1 of the Depths
 37992 | Depths:1 | Found a one-way gate leading to the halls of Pandemonium.
 38219 | Depths:1 | Received a gift from Okawaru
 38219 | Depths:1 | Gained mutation: Your magical and physical power is enhanced at high health. [demonic ancestry]
 38219 | Depths:1 | Reached XP level 20. HP: 163/163 MP: 33/33
 38335 | Depths:1 | Found Ceabure's Food Shoppe.
 38856 | Depths:2 | Gained mutation: Your system is resistant to poisons. (rPois) [evolution]
 38879 | Depths:2 | Reached skill level 19 in Axes
 39055 | Depths:2 | Noticed a golden dragon
 39055 | Depths:2 | an azure jelly changed into a golden dragon
 39062 | Depths:2 | Noticed a shard shrike
 39062 | Depths:2 | a golden dragon changed into a shard shrike
 39063 | Depths:2 | a shard shrike changed into a titan
 39066 | Depths:2 | Noticed a shard shrike
 39066 | Depths:2 | a titan changed into a shard shrike
 39067 | Depths:2 | Noticed a juggernaut
 39067 | Depths:2 | a shard shrike changed into a juggernaut
 39074 | Depths:2 | a juggernaut changed into a titan
 39076 | Depths:2 | Noticed a juggernaut
 39076 | Depths:2 | a titan changed into a juggernaut
 39083 | Depths:2 | Noticed a shard shrike
 39083 | Depths:2 | a juggernaut changed into a shard shrike
 39085 | Depths:2 | a shard shrike changed into a hellephant
 39089 | Depths:2 | Reached skill level 10 in Evocations
 39248 | Depths:2 | Received a gift from Okawaru
 39284 | Depths:2 | Identified Ikerph's Catalogue of Gliding Necromancy
 40012 | Depths:3 | Received a gift from Okawaru
 40251 | Depths:3 | Gained mutation: A powerful demonic guardian rushes to your aid. [demonic ancestry]
 40251 | Depths:3 | Reached XP level 21. HP: 162/172 MP: 34/34
 40443 | Depths:3 | Noticed a golden dragon
 40450 | Depths:3 | Killed a golden dragon
 40450 | Depths:3 | Reached skill level 15 in Armour
 40981 | Vaults:1 | Entered Level 1 of the Vaults
 41215 | Vaults:1 | Found a radiant altar of Vehumet.
 41318 | Vaults:1 | Found a portal to a secret trove of treasure.
 41538 | D:11     | Bought the Guide on Earthen Evil Magic for 1099 gold pieces
 41824 | Vaults:1 | You paid a toll of the Guide on Earthen Evil Magic to enter a treasure trove
 41825 | Trove    | Entered a treasure trove
 41845 | Trove    | Got a jewelled broad axe
 41846 | Trove    | Identified the +1 broad axe "Ugo Sagi" {speed, -Tele rPois MR+ Int+4} (You found it in a treasure trove)
 41849 | Trove    | Got a dazzling war axe
 41850 | Trove    | Identified the +5 war axe of Heunacen {venom, Fragile rF+ rN+ Dex+5} (You found it in a treasure trove)
 41856 | Trove    | Got a crude broad axe
 41857 | Trove    | Identified the +1 broad axe of Fixation {flame, +Blink +Inv Int+4 Dex+3} (You found it in a treasure trove)
 42160 | Vaults:1 | Gained mutation: You have hooves in place of feet. [evolution]
 42187 | Vaults:1 | Noticed Donald
 42194 | Vaults:1 | Killed Donald
 42194 | Vaults:1 | Reached skill level 20 in Axes
 42641 | Vaults:2 | Noticed abeheron's ghost (adept MiBe)
 42650 | Vaults:2 | Killed abeheron's ghost
 42650 | Vaults:2 | Received a gift from Okawaru
 42684 | Vaults:2 | Found a magical portal.
 42707 | WizLab   | Entered The Roulette of Golubria
 42709 | WizLab   | Found a corrupted altar of Lugonu.
 42732 | WizLab   | Found a corrupted altar of Lugonu.
 42813 | WizLab   | Found a corrupted altar of Lugonu.
 43225 | WizLab   | Identified the Collected Works on Translocation
 43239 | WizLab   | Got a bloodstained cloak
 43250 | WizLab   | Identified the +2 cloak of New Discoveries {rPois Stlth+} (You found it in a wizard's laboratory)
 43257 | WizLab   | Identified Golubria's Incunabulum of Orientation
 43605 | Vaults:2 | Found a staircase to the Crypt.
 44255 | Vaults:3 | Got a heavily runed cloak
 44266 | Vaults:3 | Identified the +0 cloak of the Flute {rN+ Dex+6} (You found it on level 3 of the Vaults)
 44315 | Vaults:3 | Received a gift from Okawaru
 44338 | Vaults:3 | Gained mutation: You are completely covered in thin metallic scales. (AC +4, rElec) [demonic ancestry]
 44338 | Vaults:3 | Reached XP level 22. HP: 183/183 MP: 35/35
 44825 | Vaults:3 | Got a shimmering shield
 44836 | Vaults:3 | Identified the +4 shield of Polytheism {rCorr} (You acquired it on level 3 of the Vaults)
 45179 | Vaults:4 | Received a gift from Okawaru
 45695 | Vaults:4 | Found a roughly hewn altar of Beogh.
 45710 | Vaults:4 | Received a gift from Okawaru
 46153 | Vaults:5 | Entered Level 5 of the Vaults
 46195 | Vaults:5 | Noticed a golden dragon
 46207 | Vaults:5 | Received a gift from Okawaru
 46210 | Vaults:5 | Killed a golden dragon
 46212 | Vaults:5 | Gained mutation: Your demonic aura causes spilled blood to erupt in flames. [demonic ancestry]
 46212 | Vaults:5 | Reached XP level 23. HP: 134/195 MP: 36/36
 46218 | Vaults:4 | Reached skill level 21 in Axes
 46498 | Vaults:5 | Received a gift from Okawaru
 46751 | Vaults:5 | Found Rief's General Store.
 46760 | Vaults:5 | Found Moaheroz's Assorted Antiques.
 46858 | Vaults:5 | Reached skill level 15 in Fighting
 47029 | Vaults:5 | Received a gift from Okawaru
 47080 | Vaults:5 | Gained mutation: Your spells are a little easier to cast, but a little less powerful. [evolution]
 47501 | Vaults:5 | Reached XP level 24. HP: 115/210 MP: 36/36
 47549 | Vaults:5 | Got a silver rune of Zot
 47601 | Vaults:5 | Identified Midouxta's Reference Book on Arcane Weapons and the Snowflakes
 48065 | Vaults:5 | Identified Cupitzis's Almanac of Transmutation and Earth
 48072 | Vaults:5 | Got a bronze scale mail
 48494 | Depths:4 | Found a gateway to a ziggurat.
 48567 | Zig:1    | Entered Level 1 of a ziggurat
 48567 | Zig:1    | Noticed Zoadam the pandemonium lord
 48576 | Zig:1    | Killed Zoadam the pandemonium lord
 48576 | Zig:1    | Received a gift from Okawaru
 48588 | Zig:2    | Entered Level 2 of a ziggurat
 48608 | Zig:3    | Entered Level 3 of a ziggurat
 48773 | Zig:4    | Entered Level 4 of a ziggurat
 48809 | Zig:5    | Entered Level 5 of a ziggurat
 48846 | Zig:6    | Entered Level 6 of a ziggurat
 48851 | Zig:6    | Noticed Baurhaela the pandemonium lord
 48865 | Zig:6    | Killed Baurhaela the pandemonium lord
 48888 | Zig:7    | Entered Level 7 of a ziggurat
 48926 | Zig:8    | Entered Level 8 of a ziggurat
 48936 | Zig:8    | Noticed a greater mummy
 48936 | Zig:8    | Noticed a greater mummy
 48949 | Zig:8    | HP: 8/211 [greater mummy/divine providence (13)]
 48949 | Zig:8    | HP: 2/211 [greater mummy (6)]
 48950 | Zig:8    | Engulfed by an ushabti's foul pestilence

Skill      XL: |  1  2  3  4  5  6  7  8  9 10 11 12 13 14 15 16 17 18 19 20 21 22 23 |
---------------+----------------------------------------------------------------------+-----
Axes           | 2 3 4 5 6 7 9 10 11 13 14 15 16 17 18 19 20 21 | 21.5
Shields        | 3 4 5 6 7 8 9 11 12 13 14 15 16 17 18 | 18.3
Armour         | 3 4 5 6 7 8 9 10 11 12 13 14 15 16 | 16.9
Fighting       | 4 5 6 7 8 9 10 11 12 14 16 | 16.5
Invocations    | 6 9 10 | 10.1
Evocations     | 3 5 7 9 10 | 10.0

Action                   |  1- 3 |  4- 6 |  7- 9 | 10-12 | 13-15 | 16-18 | 19-21 | 22-24 || total
-------------------------+-------+-------+-------+-------+-------+-------+-------+-------++-------
Melee: War axe           |    91 |   165 |   353 |   825 |   460 |       |       |       ||  1894
       Headbutt          |     4 |    31 |   101 |   254 |   477 |   414 |   376 |   230 ||  1887
       Trident           |       |       |       |    81 |    74 |       |       |       ||   155
       Broad axe         |       |       |       |       |   864 |  1194 |  1115 |   656 ||  3829
       Kick              |       |       |       |       |       |       |   113 |   352 ||   465
Invok: Sacrifice Skill   |       |     1 |       |       |       |       |       |       ||     1
       Sacrifice Stealth |       |       |     1 |       |       |       |       |       ||     1
       Sacrifice Arcana  |       |       |     1 |       |       |       |       |       ||     1
       Power Leap        |       |       |       |     2 |       |       |       |       ||     2
       Sacrifice Purity  |       |       |       |     1 |       |       |       |       ||     1
       Sacrifice Resista |       |       |       |     1 |       |       |       |       ||     1
       Heroism           |       |       |       |       |     3 |       |       |       ||     3
       Finesse           |       |       |       |       |       |       |       |     1 ||     1
 Abil: Evoke Berserk Rag |       |       |       |     2 |     3 |       |       |       ||     5
Evoke: Wand              |       |       |       |       |     5 |       |     1 |     1 ||     7
  Use: Scroll            |       |       |       |    23 |    28 |     8 |    14 |     4 ||    77
       Potion            |       |       |       |     7 |    11 |     1 |     1 |     5 ||    25
 Stab: Distracted        |       |       |     4 |     5 |    12 |     7 |    11 |    12 ||    51
       Invisible         |       |       |       |     1 |       |       |       |       ||     1
       Petrified         |       |       |       |       |     3 |       |       |       ||     3
  Eat: Chunk             |       |     5 |    21 |    40 |    37 |    16 |    14 |     5 ||   138
       Pizza             |       |       |       |     1 |       |     1 |     1 |     1 ||     4
       Beef jerky        |       |       |       |       |     5 |     2 |     4 |     1 ||    12
       Royal jelly       |       |       |       |       |       |     3 |       |     3 ||     6
       Fruit             |       |       |       |       |       |     9 |     8 |     4 ||    21
Armor: Scale mail        |    42 |    66 |    24 |       |       |       |       |       ||   132
       Plate armour      |       |       |   197 |   591 |   816 |       |       |       ||  1604
       Crystal plate arm |       |       |       |       |   262 |   660 |   349 |   331 ||  1602
Dodge: Dodged            |    30 |    36 |    59 |   151 |   385 |   141 |    61 |    87 ||   950
Block: Shield            |    51 |    83 |   200 |   486 |   359 |       |       |       ||  1179
       Buckler           |       |       |       |       |   356 |   176 |       |       ||   532
       Large shield      |       |       |       |       |       |   674 |   787 |   677 ||  2138
